 Dungeon Crawl Stone Soup version 0.27.1-33-g824d729ab1 (webtiles) character file.

Game seed: 87249644503326041

1759 bpung the Shield-Bearer (level 9, 0/56 HPs)
             Began as a Gargoyle Fighter on Dec 1, 2021.
             Was a Believer of Makhleb.
             Slain by a seven-headed hydra (7 damage)
             ... on level 7 of the Dungeon.
             The game lasted 00:12:58 (5358 turns).

bpung the Shield-Bearer (Gargoyle Fighter)          Turns: 5358, Time: 00:13:00

Health: 0/56       AC: 23    Str: 22    XL:     9   Next: 7%
Magic:  12/12      EV:  5    Int: 10    God:    Makhleb [**....]
Gold:   431        SH: 10    Dex:  9    Spells: 8/8 levels left

rFire    . . .     SeeInvis .   a - +1 flail (vorpal)
rCold    . . .     Faith    .   c - +0 kite shield
rNeg     + . .     Spirit   .   r - +0 plate armour
rPois    ∞         Reflect  .   (no helmet)
rElec    +         Harm     .   o - scarf {shadows}
rCorr    .         Rampage  .   d - +2 pair of gloves
Will     .....                  m - +0 pair of boots
Stlth    ..........             p - amulet of regeneration
HPRegen  1.18/turn              (no ring)
MPRegen  0.13/turn              (no ring)

@: no status effects
A: sickness immunity, AC +6, negative energy resistance 1, electricity
resistance, torment resistance 1, petrification resistance
a: Renounce Religion, Minor Destruction


You were on level 7 of the Dungeon.
You worshipped Makhleb.
Makhleb was pleased with you.
You visited 1 branch of the dungeon, and saw 7 of its levels.

You collected 431 gold pieces.

Inventory:

Hand Weapons
 a - a +1 vorpal flail (weapon)
 h - the +3 hand axe of Poverty {pain, rF- Int+6}
   (You found it on level 5 of the Dungeon)

   In the hands of one skilled in necromantic magic, it inflicts extra damage on
   living creatures.
   Int:       It affects your intelligence (+6).
   rF:        It makes you vulnerable to fire.
 l - a +2 whip of draining
Armour
 c - a +0 kite shield (worn)
 d - a +2 pair of gloves (worn)
 m - a +0 pair of boots (worn)
 o - a scarf of shadows (worn)
 r - a +0 plate armour (worn)
 s - a scarf of invisibility
Jewellery
 n - an amulet of magic regeneration
 p - an amulet of regeneration (around neck)
Wands
 j - a wand of iceblast (5)
 t - a wand of paralysis (9)
Scrolls
 b - 4 scrolls of identify
 k - a scroll of teleportation
Potions
 e - a potion of might
 f - a potion of curing
 g - a potion of berserk rage
 i - a potion of flight


   Skills:
 + Level 6.5 Fighting
 + Level 5.4 Maces & Flails
 + Level 6.5 Armour
 + Level 6.5 Shields
 + Level 4.9 Invocations


You had 8 spell levels left.
You didn't know any spells.
Your spell library contained the following spells:

 Spells                   Type           Power      Damage    Failure   Level
 Foxfire                  Conj/Fire      0%         2x1d4     100%        1
 Magic Dart               Conj           0%         1d3       100%        1
 Summon Small Mammal      Summ           0%         N/A       100%        1
 Call Imp                 Summ           0%         N/A       100%        2
 Call Canine Familiar     Summ           0%         N/A       100%        3
 Conjure Flame            Conj/Fire      0%         6-21      100%        3
 Gell's Gravitas          Tloc           0%         N/A       100%        3
 Inner Flame              Hex/Fire       0%         N/A       100%        3
 Lesser Beckoning         Tloc           0%         N/A       100%        3
 Mephitic Cloud           Conj/Pois/Air  0%         N/A       100%        3
 Ozocubu's Armour         Ice            0%         N/A       100%        3
 Summon Guardian Golem    Hex/Summ       0%         N/A       100%        3
 Teleport Other           Tloc           0%         N/A       100%        3
 Metabolic Englaciation   Hex/Ice        0%         N/A       100%        5
 Dispersal                Tloc           0%         N/A       100%        6
 Simulacrum               Ice/Necr       0%         N/A       100%        6


Dungeon Overview and Level Annotations

Branches:
Dungeon (7/15)             Temple (0/1) D:5

Altars:
Ashenzari
Elyvilon
Kikubaaqudgha
Makhleb
Uskayaw
Vehumet
Wu Jian
Yredelemnul
Zin

Shops:
D:5 (   D:6 :


Innate Abilities, Weirdness & Mutations

You are immune to sickness and miasma.
Your stone body is resilient. (AC +6)
You are immune to poison.
You resist negative energy. (rN+)
You are resistant to electric shocks. (rElec)
You are resistant to unholy torment.
You are immune to petrification.


Message History

The seven-headed hydra bites you but does no damage.
You sock the seven-headed hydra!
The seven-headed hydra is heavily wounded.
The seven-headed hydra bites you! x2
The seven-headed hydra bites you but does no damage.
You block the seven-headed hydra's attack. x2
The seven-headed hydra bites you but does no damage. x2
The seven-headed hydra completely misses you.
The seven-headed hydra bites you.
You block the seven-headed hydra's attack.
The seven-headed hydra bites you.
The seven-headed hydra bites you but does no damage. x3
You sock the seven-headed hydra!
The seven-headed hydra is severely wounded.
The seven-headed hydra bites you but does no damage.
The seven-headed hydra barely misses you.
The seven-headed hydra bites you but does no damage. x4
The seven-headed hydra bites you.
You hit the seven-headed hydra.
The seven-headed hydra is almost dead.
The seven-headed hydra barely misses you.
The seven-headed hydra bites you.
You block the seven-headed hydra's attack.
The seven-headed hydra bites you but does no damage.
The seven-headed hydra closely misses you.
The seven-headed hydra bites you but does no damage. x2
You sock the seven-headed hydra!
The seven-headed hydra is almost dead.
The seven-headed hydra bites you but does no damage.
The seven-headed hydra barely misses you.
The seven-headed hydra bites you but does no damage. x2
You block the seven-headed hydra's attack.
The seven-headed hydra bites you but does no damage.
The seven-headed hydra bites you.
* * * LOW HITPOINT WARNING * * *
The seven-headed hydra bites you.
* * * LOW HITPOINT WARNING * * *
The seven-headed hydra bites you but does no damage.
The seven-headed hydra bites you!
You die...

..............###......########
#.............###....##
#..............###..##
#.........##.........#
#.......#####........##
#......## ##)..##...## #.....##
##..#####..####### ##....##
#...# ##.......# #....## #@.##
##......# ###....# #.D#
##.....# ......## ..## #......
......# #..# ##...... .....##
#..# #....... #....# ..##
#....... ###..# ##..# ##.......
#..## ##...# #.......#
..#...######...### ####......##


You could see a seven-headed hydra.

Vanquished Creatures
  Edmund (D:5)
  2 ice beasts
  A black bear (D:5)
  2 ogres
  A sky beast (D:6)
  A kobold brigand (D:6)
  A bullfrog (D:7)
  A scorpion (D:7)
  A water moccasin skeleton (D:6)
  2 howler monkeys
  A centaur zombie (D:7)
  3 hounds
  4 jellies
  2 orc priests
  A centaur skeleton (D:5)
  2 bullfrog skeletons
  7 iguanas
  2 hound zombies (D:5)
  A howler monkey zombie (D:6)
  4 gnolls (D:2)
  A howler monkey skeleton (D:4)
  3 adders
  3 white imps
  3 ufetubi
  2 adder skeletons (D:3)
  A worm (D:4)
  2 dart slugs
  12 orcs
  5 ball pythons
  4 bats
  8 endoplasms
  5 giant cockroaches
  A goblin (D:1)
  4 hobgoblins
  4 jackals (D:4)
  5 kobolds
  5 quokkas
  4 frilled lizards
  A quokka skeleton (D:3)
  4 rats
117 creatures vanquished.

Notes
Turn   | Place    | Note
-------+----------+-------------------------------------------
     0 | D:1      | bpung the Gargoyle Fighter began the quest for the Orb.
     0 | D:1      | Reached XP level 1. HP: 14/14 MP: 1/1
    88 | D:1      | Reached XP level 2. HP: 9/19 MP: 2/2
   535 | D:1      | Reached XP level 3. HP: 23/23 MP: 3/3
   922 | D:2      | Reached XP level 4. HP: 5/29 MP: 4/4
  1424 | D:2      | Found a faded altar of an unknown god.
  1933 | D:3      | Found a burning altar of Makhleb.
  1942 | D:3      | Became a worshipper of Makhleb the Destroyer
  2171 | D:3      | Reached XP level 5. HP: 33/33 MP: 5/5
  2599 | D:4      | Reached skill level 1 in Invocations
  2627 | D:4      | Reached * piety under Makhleb
  2628 | D:4      | Reached XP level 6. HP: 39/39 MP: 7/7
  2735 | D:4      | Found a radiant altar of Vehumet.
  2738 | D:4      | Found an ancient bone altar of Kikubaaqudgha.
  2742 | D:4      | Found a glowing silver altar of Zin.
  3080 | D:5      | Entered Level 5 of the Dungeon
  3123 | D:5      | Noticed Edmund
  3171 | D:5      | Killed Edmund
  3172 | D:5      | Reached XP level 7. HP: 12/44 MP: 8/8
  3312 | D:5      | Reached skill level 5 in Fighting
  3312 | D:5      | Reached skill level 5 in Armour
  3312 | D:5      | Reached skill level 5 in Shields
  3527 | D:5      | Found a staircase to the Ecumenical Temple.
  3536 | D:5      | Identified the +3 hand axe of Poverty {pain, rF- Int+6}
  3581 | D:5      | Found Tacoloca's Antique Weapon Shop.
  3611 | D:5      | Found a hide-covered altar of Uskayaw.
  3880 | D:5      | Reached XP level 8. HP: 50/50 MP: 10/10
  4112 | D:6      | Found a broken altar of Ashenzari.
  4189 | D:6      | Reached ** piety under Makhleb
  4190 | D:6      | Found a basalt altar of Yredelemnul.
  4319 | D:6      | Found Fifeaqep's Book Shoppe.
  4441 | D:6      | Found a white marble altar of Elyvilon.
  4650 | D:6      | Found an ornate altar of the Wu Jian Council.
  4741 | D:6      | Reached skill level 5 in Maces & Flails
  5233 | D:7      | Reached XP level 9. HP: 56/56 MP: 12/12
  5349 | D:7      | Noticed a seven-headed hydra
  5358 | D:7      | Slain by a seven-headed hydra

Illustrated notes

Levels and vault maps discovered:
D:1:      heliophobic_arrival_glass_houses, layout_rooms
D:2:      layout_loops_cross, chequers_ecumenical_altar_island
D:3:      layout_loops_ring, bloody_makhleb, serial_undead, serial_undead_e,
          serial_undead_b, serial_undead_e, serial_undead_e
D:4:      layout_rooms, grunt_temple_overflow_diamond
D:5:      layout_cave_pods, nicolae_uskayaw_dance_hall,
          minmay_temple_entry_statues_pillars, serial_shops,
          kennysheep_little_box, uniq_edmund
D:6:      minmay_razor_zed, layout_basic, lemuel_doored_altar,
          marbit_many_paths, ashenzari_altar_1, mainiacjoe_overflow_brackets,
          serial_shops, nicolae_shop_crystal
D:7:      layout_layer_cave, uniq_duvessa

Skill      XL: |  1  2  3  4  5  6  7  8 |
---------------+-------------------------+-----
Fighting       | 4 5 6 |  6.5
Armour         | 4 5 6 |  6.5
Shields        | 4 5 6 |  6.5
Maces & Flails | 3 4 5 |  5.4
Invocations    | 1 2 3 4 |  4.9

Action                   |  1- 3 |  4- 6 |  7- 9 || total
-------------------------+-------+-------+-------++-------
Melee: Flail             |    89 |   210 |   191 ||   490
  Use: Potion            |       |    10 |     1 ||    11
       Scroll            |       |     5 |     2 ||     7
Armor: Scale mail        |    56 |    19 |       ||    75
       Chain mail        |       |   170 |    66 ||   236
       Plate armour      |       |       |   103 ||   103
Dodge: Dodged            |    28 |    80 |    43 ||   151
Block: Kite shield       |    56 |   143 |   110 ||   309
